 Dungeon Crawl Stone Soup version 0.28-a0-1374-ga75cb3825e (webtiles) character file.

Game seed: 9617232217994362681

10880 Teslajakalope the Fighter (level 11, -5/106 HPs)
             Began as a Minotaur Fighter on Dec 31, 2021.
             Was a High Priest of Okawaru.
             Slain by a 15-headed hydra (13 damage)
             ... on level 1 of the Lair of Beasts.
             The game lasted 00:43:09 (11086 turns).

Teslajakalope the Fighter (Minotaur Fighter)       Turns: 11086, Time: 00:43:10

Health: -5/106     AC: 18    Str: 33    XL:     11   Next: 42%
Magic:  12/12      EV: 13    Int:  5    God:    Okawaru [*****.]
Gold:   1404       SH: 10    Dex: 14    Spells: 10/10 levels left

rFire   . . .      SeeInvis .   p - +1 war axe (vamp)
rCold   . . .      Faith    .   c - +0 buckler
rNeg    . . .      Spirit   .   h - +3 chain mail
rPois   .          Reflect  +   (helmet restricted)
rElec   +          Harm     .   (no cloak)
rCorr   .          Rampage  .   k - +1 pair of gloves
Will    .....                   (no boots)
Stlth   ..........              g - amulet of reflection
HPRegen 0.27/turn               i - ring "Puulugg" {rElec EV+4 Str+2 Dex+4}
MPRegen 0.13/turn               F - +6 ring of strength

@: no status effects
A: horns 2, retaliatory headbutt
a: Renounce Religion, Heroism, Finesse, Duel


You were on level 1 of the Lair of Beasts.
You worshipped Okawaru.
Okawaru was extremely pleased with you.
You visited 3 branches of the dungeon, and saw 11 of its levels.
You also visited: Ossuary.

You collected 1459 gold pieces.
You spent 55 gold pieces at shops.

Inventory:

Hand Weapons
 p - a +1 vampiric war axe (weapon)
Missiles
 m - 258 stones
 s - a throwing net
 L - 6 atropa-tipped darts (quivered)
Armour
 c - a +0 buckler (worn)
 h - a +3 chain mail (worn)
 k - a +1 pair of gloves (worn)
Jewellery
 g - an amulet of reflection (around neck)
 i - the ring "Puulugg" (left hand) {rElec EV+4 Str+2 Dex+4}
   (You found it on level 2 of the Dungeon)

   [ring of evasion]

   EV:        It affects your evasion (+4).
   Str:       It affects your strength (+2).
   Dex:       It affects your dexterity (+4).
   rElec:     It insulates you from electricity.
 r - a ring of see invisible
 w - a +4 ring of evasion
 y - a +6 ring of dexterity
 F - a +6 ring of strength (right hand)
Wands
 b - a wand of acid (1)
 A - a wand of polymorph (9)
 E - a wand of flame (4)
Scrolls
 f - 4 scrolls of enchant weapon
 l - 2 scrolls of teleportation
 n - a scroll of blinking
 q - 3 scrolls of magic mapping
 u - 2 scrolls of fear
 C - a scroll of immolation
 D - a scroll of enchant armour
 H - 2 scrolls of amnesia {unknown}
 J - a scroll of acquirement
Potions
 a - a potion of flight {unknown}
 d - 4 potions of might
 e - 8 potions of curing
 j - a potion of heal wounds
 o - 4 potions of magic
 t - 2 potions of brilliance
 v - a potion of ambrosia {unknown}
 x - 5 potions of haste
 z - 3 potions of mutation
 B - 2 potions of resistance {unknown}
 G - a potion of invisibility {unknown}
 I - a potion of lignification {unknown}
 K - a potion of degeneration {unknown}


   Skills:
 + Level 12.8 Fighting
 + Level 12.5 Axes
 + Level 12.7 Armour
 - Level 4.0 Shields
 + Level 2.9 Invocations


You had 10 spell levels left.
You didn't know any spells.
Your spell library contained the following spells:

 Spells                   Type           Power      Damage    Failure   Level
 Beastly Appendage        Tmut           0%         N/A       86%         1
 Sublimation of Blood     Necr           0%         N/A       95%         2
 Wereblood                Tmut           0%         N/A       95%         2
 Spider Form              Tmut/Pois      0%         N/A       99%         3
 Leda's Liquefaction      Hex/Erth       0%         N/A       100%        4
 Passage of Golubria      Tloc           0%         N/A       100%        4
 Petrify                  Tmut/Erth      0%         N/A       100%        4
 Irradiate                Conj/Tmut      0%         3d14      100%        5
 Lee's Rapid Deconstruct  Erth           0%         3d5*      100%        5
 Silence                  Hex/Air        0%         N/A       100%        5
 Statue Form              Tmut/Erth      0%         N/A       100%        6
 Lehudib's Crystal Spear  Conj/Erth      0%         10d2      100%        8


Dungeon Overview and Level Annotations

Branches:
Dungeon (8/15)             Temple (1/1) D:6            Lair (2/6) D:8
Ossuary (visited)
  Swamp: Lair:2-4    Shoals: Lair:2-4     Snake: Lair:2-4    Spider: Lair:2-4

Altars:
Ashenzari
Cheibriados
Dithmenos
Elyvilon
Fedhas
Gozag
Hepliaklqana
Kikubaaqudgha
Makhleb
Nemelex Xobeh
Okawaru
Qazlal
Ru
Sif Muna
Trog
Uskayaw
Wu Jian
Xom
Yredelemnul
Zin
The Shining One

Shops:
D:1 !   D:3 =(?   D:6 *   D:7 (*


Innate Abilities, Weirdness & Mutations

You have a pair of horns on your head.
You reflexively headbutt those who attack you in melee.


Message History

The 14-headed hydra bites you but does no damage. x2
You block the 14-headed hydra's attack. The 14-headed hydra bites you.
You block the 14-headed hydra's attack. The 14-headed hydra bites you!
* * * LOW HITPOINT WARNING * * *
The 14-headed hydra bites you.
* * * LOW HITPOINT WARNING * * *
The 14-headed hydra bites you!
* * * LOW HITPOINT WARNING * * *
The 14-headed hydra barely misses you. You block the 14-headed hydra's attack.
The 14-headed hydra bites you but does no damage. x2
The 14-headed hydra misses you.
Okay, then.
You feel much better. The 14-headed hydra closely misses you.
You block the 14-headed hydra's attack.
The 14-headed hydra completely misses you.
The 14-headed hydra misses you. You block the 14-headed hydra's attack.
The 14-headed hydra bites you but does no damage. x2
The 14-headed hydra bites you!
* * * LOW HITPOINT WARNING * * *
The 14-headed hydra bites you but does no damage.
The 14-headed hydra closely misses you. You block the 14-headed hydra's attack.
The 14-headed hydra bites you but does no damage. x3
You slice one of the 14-headed hydra's heads off!
The 13-headed hydra grows two more!
You slash the 15-headed hydra!
The 15-headed hydra is almost dead.
The 15-headed hydra bites you but does no damage.
The 15-headed hydra bites you!
* * * LOW HITPOINT WARNING * * *
The 15-headed hydra bites you.
* * * LOW HITPOINT WARNING * * *
The 15-headed hydra bites you but does no damage.
The 15-headed hydra bites you.
* * * LOW HITPOINT WARNING * * *
The 15-headed hydra closely misses you.
You block the 15-headed hydra's attack. x2
The 15-headed hydra bites you but does no damage.
The 15-headed hydra barely misses you.
The 15-headed hydra bites you but does no damage.
You block the 15-headed hydra's attack. The 15-headed hydra barely misses you.
The 15-headed hydra bites you!
You die...

#.#.......#.............#..
##.#.......#................
#=.#.......#......#.........
##.........+......#......P..
#.#.......#......##..P.#...
#.........#................
#.####.####................
#..........................
#.........@................
##.........D................
#.....).....................
##...#..#.##P...............
#P..##.##.##......#..###....
##..##...........##.####....
#...#.....#.....P#....##...
#..##.....##....##....#....
#..##.....##....##.........


You could see a 15-headed hydra.

Vanquished Creatures
  A two-headed ogre (D:8)
  A rime drake (Lair:2)
  3 cane toads
  3 komodo dragons
  Psyche (D:8)
  Grinder (D:4)
  Prince Ribbit (D:8)
  A blink frog (Lair:1)
  16 yaks
  A wraith (Ossuary)
  Eustachio (D:4)
  3 wargs (D:8)
  3 water moccasins
  A black bear (Lair:1)
  2 orc warriors
  A sky beast (D:6)
  2 necrophages
  15 wolves (Lair:2)
  2 ogres
  A centaur (D:8)
  2 phantoms (D:6)
  A kobold brigand (D:8)
  4 bullfrogs
  2 scorpions
  A water moccasin zombie (D:5)
  8 wights
  An electric eel (Lair:1)
  2 howler monkeys (D:8)
  A centaur zombie (D:7)
  A hound (D:3)
  A human zombie (Ossuary)
  6 jellies
  5 orc priests
  A gnoll shaman (D:4)
  A centaur skeleton (D:6)
  Terence (D:3)
  2 hell rats (D:7)
  10 orc wizards
  3 mummies (Ossuary)
  2 howler monkey zombies
  3 gnolls (D:4)
  8 river rats (D:7)
  6 adders
  A white imp (D:7)
  An ufetubus (D:6)
  5 worms
  3 dart slugs
  23 orcs
  4 ball pythons
  7 endoplasms
  4 giant cockroaches
  8 goblins
  8 hobgoblins
  4 iguanas
  4 jackals (D:1)
  6 kobolds
  10 quokkas
  5 bats
  7 frilled lizards
  3 goblin zombies (Ossuary)
  4 hobgoblin zombies (Ossuary)
  5 kobold zombies (Ossuary)
  24 rats
268 creatures vanquished.

Vanquished Creatures (others)
  12 fungi (Lair:2)
  19 plants
31 creatures vanquished.

Grand Total: 299 creatures vanquished

Notes
Turn   | Place    | Note
-------+----------+-------------------------------------------
     0 | D:1      | Teslajakalope the Minotaur Fighter began the quest for the
                  | Orb.
     0 | D:1      | Reached XP level 1. HP: 19/19 MP: 0/0
    86 | D:1      | Reached XP level 2. HP: 27/27 MP: 1/1
   154 | D:1      | Found Zunaka's Distillery.
   249 | D:1      | Found a faded altar of an unknown god.
   253 | D:1      | Reached XP level 3. HP: 30/33 MP: 2/2
   926 | D:2      | Identified the ring "Puulugg" {rElec EV+4 Str+2 Dex+4}
   948 | D:2      | Noticed an ogre
  1436 | D:3      | Noticed Terence
  1447 | D:3      | Killed Terence
  1448 | D:3      | Reached XP level 4. HP: 37/41 MP: 3/3
  1636 | D:3      | Found Ygoadeci's Antique Weapon Boutique.
  1754 | D:3      | Reached XP level 5. HP: 37/47 MP: 4/4
  1860 | D:3      | Found Kuozua's Jewellery Shop.
  2021 | D:3      | Found Impofu's Magic Scroll Emporium.
  2028 | D:3      | Bought a scroll of magic mapping for 35 gold pieces
  2028 | D:3      | Bought a scroll of identify for 20 gold pieces
  2319 | D:3      | Reached skill level 5 in Fighting
  2319 | D:3      | Reached skill level 5 in Armour
  2322 | D:3      | Found a shimmering altar of Xom.
  2507 | D:2      | Killed an ogre
  2508 | D:2      | Reached XP level 6. HP: 5/56 MP: 5/5
  2899 | D:4      | Reached skill level 5 in Axes
  3009 | D:4      | Found a sand-covered staircase.
  3027 | Ossuary  | Entered an ossuary
  3027 | Ossuary  | Noticed a wraith
  3027 | Ossuary  | Noticed a wraith
  3027 | Ossuary  | Noticed a wraith
  3213 | Ossuary  | Noticed a wraith
  3221 | Ossuary  | Killed a wraith
  3222 | Ossuary  | Reached XP level 7. HP: 54/63 MP: 6/6
  3578 | D:4      | You fall into a shaft and drop 2 floors!
  3585 | D:6      | Found Piras's General Store.
  3687 | D:6      | Found a staircase to the Ecumenical Temple.
  3703 | Temple   | Entered the Ecumenical Temple
  4035 | Temple   | Became a worshipper of Warmaster Okawaru
  4165 | D:6      | Reached XP level 8. HP: 63/73 MP: 7/7
  4307 | D:6      | Found a shimmering blue altar of Sif Muna.
  4547 | D:6      | Reached * piety under Okawaru
  4949 | D:5      | Entered Level 5 of the Dungeon
  4985 | D:4      | Noticed Eustachio
  4993 | D:4      | Killed Eustachio
  5019 | D:4      | Found a sacrificial altar of Ru.
  5237 | D:4      | Noticed Grinder
  5237 | D:4      | Paralysed by Grinder for 6 turns
  5251 | D:4      | Paralysed by Grinder for 2 turns
  5256 | D:4      | Killed Grinder
  5438 | D:5      | Reached XP level 9. HP: 65/82 MP: 8/8
  5608 | D:5      | Reached ** piety under Okawaru
  6196 | D:5      | Found a hide-covered altar of Uskayaw.
  6784 | D:7      | Found Noeq Ycues's Serpentskin Sales.
  6851 | D:7      | Found Syngef's Weapon Boutique.
  7211 | D:7      | Found a shadowy altar of Dithmenos.
  7590 | D:8      | Noticed a two-headed ogre
  7649 | D:8      | Identified a scroll of acquirement
  7649 | D:8      | Acquired 886 gold pieces
  7737 | D:8      | Reached skill level 10 in Fighting
  7794 | D:8      | Reached skill level 10 in Armour
  7850 | D:8      | Killed a two-headed ogre
  7850 | D:8      | Reached *** piety under Okawaru
  7851 | D:8      | Reached skill level 10 in Axes
  7855 | D:8      | Reached XP level 10. HP: 94/94 MP: 7/9
  7937 | D:8      | Found a staircase to the Lair.
  7999 | D:8      | Noticed Prince Ribbit
  8015 | D:8      | Killed Prince Ribbit
  8176 | D:8      | Reached **** piety under Okawaru
  8266 | D:8      | Noticed Psyche
  8275 | D:8      | Killed Psyche
  8581 | Lair:1   | Entered Level 1 of the Lair of Beasts
  8703 | Lair:1   | Noticed a cane toad
  8714 | Lair:1   | Killed a cane toad
  9579 | Lair:2   | Noticed a cane toad
  9587 | Lair:2   | Killed a cane toad
  9607 | Lair:2   | Noticed an eight-headed hydra
  9637 | Lair:1   | Reached ***** piety under Okawaru
  9726 | Lair:2   | Reached XP level 11. HP: 103/104 MP: 10/10
  9747 | Lair:2   | Noticed a boulder beetle
  9782 | Lair:2   | Reached skill level 1 in Invocations
 10281 | Lair:2   | Received a gift from Okawaru
 11086 | Lair:1   | Slain by a 15-headed hydra

Illustrated notes

Levels and vault maps discovered:
D:1:      matt_arrival_spirals, layout_basic, serial_shops, shop,
          hellmonk_ecumenical_altar_heavens_door
D:2:      layout_basic
D:3:      layout_basic, dk_xom_monty_hall, serial_shops, shop, shop_fountains,
          shop, uniq_terence
D:4:      layout_basic, amcnicky_altar_gilded, vehumet_crystals,
          nicolae_ossuary_entry_monument, uniq_grinder, uniq_eustachio
D:5:      layout_basic, nicolae_uskayaw_dance_hall, minmay_holes,
          corner_web_ring
D:6:      layout_gridville, nicolae_sif_muna_little_library,
          minmay_temple_entry_drinking_statues, serial_shops,
          nicolae_diamond_shop
D:7:      lemuel_ratsnest, layout_cave_pools,
          mainiacjoe_overflow_surrounded_room, serial_shops,
          nicolae_shop_crystal, guppyfry_shop_venom
D:8:      layout_loops_ring, erik_lair_orcish_takeover,
          nicolae_concentric_dashed_squares_mild, uniq_prince_ribbit1,
          uniq_psyche
Temple:   eino_temple_rhombus
Lair:1:   layout_regular_city, fungi_pond_lemuel, serial_bayou_shore_a
Lair:2:   layout_cave_pods, grunt_forest_small_clearings,
          chequers_serial_rivers_marsh, chequers_serial_rivers_micro_d

Skill      XL: |  1  2  3  4  5  6  7  8  9 10 11 |
---------------+----------------------------------+-----
Fighting       | 4 5 6 7 8 10 12 | 12.8
Armour         | 4 5 6 7 8 10 12 | 12.7
Shields        | 4 |  4.0
Axes           | 3 4 5 6 8 10 11 12 | 12.5
Invocations    | 2 |  2.9

Action                   |  1- 3 |  4- 6 |  7- 9 | 10-12 || total
-------------------------+-------+-------+-------+-------++-------
Melee: War axe           |    96 |    87 |   272 |   204 ||   659
       Headbutt          |    16 |    20 |    73 |    70 ||   179
Throw: Stone             |       |     7 |     4 |       ||    11
Invok: Heroism           |       |       |     1 |     1 ||     2
Evoke: Wand              |       |       |       |     3 ||     3
  Use: Scroll            |       |     1 |    15 |     3 ||    19
       Potion            |       |       |       |     1 ||     1
Armor: Scale mail        |    29 |    13 |    45 |    17 ||   104
       Skin              |       |       |     3 |       ||     3
       Chain mail        |       |       |       |    98 ||    98
Dodge: Dodged            |    45 |    33 |   103 |   146 ||   327
Block: Buckler           |    26 |    33 |   105 |   136 ||   300
       Reflection        |       |       |     3 |       ||     3

Table legend: (Time is in decaauts)
 A = Elapsed time spent in this place.
 B = Non-inter-level travel time spent in this place.
 C = Inter-level travel time spent in this place.
 D = Time resting spent in this place.
 E = Time spent auto-exploring this place.
 F = Levels seen in this place.
 G = Mean time per level.
                   A        B        C        D        E       F      G
               +--------+--------+--------+--------+--------+-----+--------+
         Total |  11177 |  10600 |    577 |   1627 |   5502 |  12 |  931.4 |
       Dungeon |   8147 |   7699 |    448 |   1242 |   4080 |   8 | 1018.4 |
        Temple |    348 |    309 |     39 |      0 |    295 |   1 |  348.0 |
          Lair |   2201 |   2111 |     90 |    385 |    856 |   2 | 1100.5 |
       Ossuary |    479 |    479 |      0 |      0 |    271 |   1 |  479.0 |
               +--------+--------+--------+--------+--------+-----+--------+

Top non-repeatable levels by time:
  Lair:1: 1295 daAuts
     D:5: 1284 daAuts
     D:8: 1240 daAuts
     D:3: 1164 daAuts
     D:6: 1070 daAuts
     D:1: 1012 daAuts
     D:7: 924 daAuts
  Lair:2: 906 daAuts
     D:2: 746 daAuts
     D:4: 704 daAuts
 Ossuary: 479 daAuts
  Temple: 348 daAuts
